NWL (28 & UNDER)
RED DEER WRANGLERS @ RIVERSIDE RED BULLS
09/01/2030
 
TOP OF THE 1ST
Red Deer Wranglers batting - Pitching for Riverside Red Bulls : RHP Will Robinson
Pitching: RHP Will Robinson
Batting: LHB Francisco Blanco 0-0: Foul Ball, location: 2F
0-1: Ball
1-1: Ball
2-1: Ground out 6-3 (Groundball, 6)
Batting: RHB Pedro Cabrera 0-0: Foul Ball, location: 2F
0-1: Foul Ball, location: 2F
0-2: Strikes out swinging
Batting: RHB Steve Burton 0-0: Ball
1-0: Foul Ball, location: 2F
1-1: Ball
2-1: Ground out 6-3 (Groundball, 6)
Top of the 1st over - 0 runs, 0 hits, 0 errors, 0 left on base; Red Deer 0 - Riverside 0
BOTTOM OF THE 1ST
Riverside Red Bulls batting - Pitching for Red Deer Wranglers : RHP Alex Phillips
Pitching: RHP Alex Phillips
Batting: SHB Carlos Ramírez 0-0: Called Strike
0-1: Ball
1-1: Ball
2-1: Foul Ball, location: 2F
2-2: SINGLE (Groundball, 34D)
Batting: RHB Bobby Miller 0-0: Ball
1-0: Foul Ball, location: 2F
1-1: Foul Ball, location: 2F
1-2: Ground out 5-3 (Groundball, 5)
Carlos Ramírez to second
Batting: LHB Gabriel Estrada 0-0: Fly out, F6 (Popup, 56)
Batting: RHB John Burton 0-0: Called Strike
0-1: Foul Ball, location: 2F
0-2: Ball
1-2: Ball
2-2: Ball
3-2: Foul Ball, location: 2F
3-2: Ground out 4-3 (Groundball, 4M)
Bottom of the 1st over - 0 runs, 1 hit, 0 errors, 1 left on base; Red Deer 0 - Riverside 0
TOP OF THE 2ND
Red Deer Wranglers batting - Pitching for Riverside Red Bulls : RHP Will Robinson
Batting: LHB José López 0-0: Called Strike
0-1: Ball
1-1: Ball
2-1: Foul Ball, location: 2F
2-2: Strikes out swinging
Batting: RHB Ben Fisher 0-0: Ball
1-0: Swinging Strike
1-1: Called Strike
1-2: Ball
2-2: Foul Ball, location: 2F
2-2: Ball
3-2: Foul Ball, location: 2F
3-2: Base on Balls
Batting: LHB Jorge Olvera 0-0: Fly out, F7 (Line Drive, 78M)
Batting: SHB Robbie Rhodes 0-0: Ball
1-0: Foul Ball, location: 2F
1-1: Ball
Wild Pitch!
Ben Fisher to second
2-1: Called Strike
2-2: SINGLE (Groundball, 4MD)
Ben Fisher to third
Runner from 3rd tries for Home, SAFE, throw made home
Batting: LHB Rubén Salazar 0-0: Ball
Pickoff Throw by Catcher to First - Out!
Top of the 2nd over - 1 run, 1 hit, 0 errors, 0 left on base; Red Deer 1 - Riverside 0
BOTTOM OF THE 2ND
Riverside Red Bulls batting - Pitching for Red Deer Wranglers : RHP Alex Phillips
Batting: LHB Miguel Gálvez 0-0: Ball
1-0: Ball
2-0: Ball
3-0: Base on Balls
Batting: RHB Steve Meyers 0-0: Ball
1-0: Foul Ball, location: 2F
1-1: Fly out, F8 (Flyball, 8RM)
Batting: RHB Robert Stevens 0-0: Called Strike
0-1: Ball
1-1: Foul Ball, location: 2F
1-2: Strikes out swinging
Batting: RHB José González 0-0: Ball
1-0: Ground out U3 (Groundball, 34S)
Bottom of the 2nd over - 0 runs, 0 hits, 0 errors, 1 left on base; Red Deer 1 - Riverside 0
TOP OF THE 3RD
Red Deer Wranglers batting - Pitching for Riverside Red Bulls : RHP Will Robinson
Batting: LHB Rubén Salazar 0-0: Ball
1-0: Foul Ball, location: 2F
1-1: Swinging Strike
1-2: Ball
2-2: Ball
3-2: Strikes out swinging
Batting: RHB Allen Brown 0-0: Ball
1-0: Ground out 4-3 (Groundball, 4)
Batting: LHB Francisco Blanco 0-0: Ball
1-0: Ball
2-0: Called Strike
2-1: Ball
3-1: Base on Balls
Batting: RHB Pedro Cabrera 0-0: Ball
1-0: Ball
2-0: Called Strike
2-1: Foul Ball, location: 2F
2-2: Ground out 4-3 (Groundball, 4)
Top of the 3rd over - 0 runs, 0 hits, 0 errors, 1 left on base; Red Deer 1 - Riverside 0
BOTTOM OF THE 3RD
Riverside Red Bulls batting - Pitching for Red Deer Wranglers : RHP Alex Phillips
Batting: RHB Luis Flores 0-0: Ball
1-0: Fly out, F9 (Flyball, 9LMF)
Batting: SHB Carlos Ramírez 0-0: Called Strike
0-1: Called Strike
0-2: Foul Ball, location: 2F
0-2: Ball
1-2: Strikes out swinging
Batting: RHB Bobby Miller 0-0: Ball
1-0: Ball
2-0: Ball
3-0: Called Strike
3-1: Base on Balls
Batting: LHB Gabriel Estrada 0-0: Called Strike
0-1: Fielders Choice at 2nd, 6-4 (Groundball, 6)
Bottom of the 3rd over - 0 runs, 0 hits, 0 errors, 1 left on base; Red Deer 1 - Riverside 0
TOP OF THE 4TH
Red Deer Wranglers batting - Pitching for Riverside Red Bulls : RHP Will Robinson
Batting: RHB Steve Burton 0-0: Called Strike
0-1: Ball
1-1: Swinging Strike
1-2: Strikes out swinging
Batting: LHB José López 0-0: Ball
1-0: Foul Ball, location: 2F
1-1: Swinging Strike
1-2: Foul Ball, location: 2F
1-2: Fly out, F5 (Popup, 5F)
Batting: RHB Ben Fisher 0-0: Called Strike
0-1: Ball
1-1: Foul Ball, location: 2F
1-2: Strikes out looking
Top of the 4th over - 0 runs, 0 hits, 0 errors, 0 left on base; Red Deer 1 - Riverside 0
BOTTOM OF THE 4TH
Riverside Red Bulls batting - Pitching for Red Deer Wranglers : RHP Alex Phillips
Batting: RHB John Burton 0-0: Foul Ball, location: 2F
0-1: SINGLE (Line Drive, 6)
Batting: LHB Miguel Gálvez 0-0: Ball
1-0: Ball
2-0: Foul Ball, location: 2F
2-1: Called Strike
2-2: Ball
3-2: Foul Ball, location: 2F
3-2: Base on Balls
John Burton to second
Batting: RHB Steve Meyers 0-0: SINGLE (Groundball, 56S) (infield hit)
John Burton to third
Miguel Gálvez to second
Batting: RHB Robert Stevens 0-0: Called Strike
0-1: Called Strike
0-2: Ball
1-2: Ball
2-2: Foul Ball, location: 2F
2-2: Strikes out swinging
Batting: RHB José González 0-0: Ball
1-0: Ball
2-0: Called Strike
2-1: Ball
3-1: Base on Balls
John Burton scores
Miguel Gálvez to third
Steve Meyers to second
Batting: RHB Luis Flores 0-0: Foul Ball, location: 2F
0-1: Ball
1-1: Ball
2-1: Ball
3-1: Fly out, F9 (Flyball, 9S)
Batting: SHB Carlos Ramírez 0-0: Ball
1-0: Swinging Strike
1-1: Ball
2-1: Foul Ball, location: 2F
2-2: Foul Ball, location: 2F
2-2: Ball
3-2: Strikes out looking
Bottom of the 4th over - 1 run, 2 hits, 0 errors, 3 left on base; Red Deer 1 - Riverside 1
TOP OF THE 5TH
Red Deer Wranglers batting - Pitching for Riverside Red Bulls : RHP Will Robinson
Batting: LHB Jorge Olvera 0-0: Foul Ball, location: 2F
0-1: SINGLE (Line Drive, 3D)
Batting: SHB Robbie Rhodes 0-0: Ball
1-0: Swinging Strike
1-1: Ball
2-1: Foul Ball, location: 2F
2-2: Ball
3-2: Base on Balls
Jorge Olvera to second
Batting: LHB Rubén Salazar 0-0: Swinging Strike
0-1: Ball
1-1: Swinging Strike
1-2: Strikes out looking
Batting: RHB Allen Brown 0-0: Ball
1-0: Called Strike
1-1: Grounds into double play, 6-4-3 (Groundball, 6)
Top of the 5th over - 0 runs, 1 hit, 0 errors, 1 left on base; Red Deer 1 - Riverside 1
BOTTOM OF THE 5TH
Riverside Red Bulls batting - Pitching for Red Deer Wranglers : RHP Alex Phillips
Batting: RHB Bobby Miller 0-0: Ball
1-0: Foul Ball, location: 2F
1-1: DOUBLE (Line Drive, 8RD)
Batting: LHB Gabriel Estrada 0-0: Called Strike
0-1: Ball
1-1: Ground out 4-3 (Groundball, 4)
Bobby Miller to third
Batting: RHB John Burton 0-0: Called Strike
0-1: Called Strike
0-2: Ball
1-2: Strikes out swinging
Batting: LHB Miguel Gálvez 0-0: Called Strike
0-1: Ball
1-1: Ball
2-1: Ball
3-1: Base on Balls
Batting: RHB Steve Meyers 0-0: Called Strike
0-1: SINGLE (Groundball, 3D)
Bobby Miller scores
Miguel Gálvez to second
Runner from 2nd tries for 3rd, SAFE, throw made to third
Batting: RHB Robert Stevens 0-0: Ball
1-0: DOUBLE (Line Drive, 7LM)
Miguel Gálvez scores
Steve Meyers to third
Runner from 3rd tries for Home, SAFE, no throw
Pitching: RHP Bernardo García
Batting: RHB José González 0-0: Ball
1-0: Ball
2-0: Ground out 6-3 (Groundball, 6)
Bottom of the 5th over - 3 runs, 3 hits, 0 errors, 1 left on base; Red Deer 1 - Riverside 4
TOP OF THE 6TH
Red Deer Wranglers batting - Pitching for Riverside Red Bulls : RHP Will Robinson
Batting: LHB Francisco Blanco 0-0: Called Strike
0-1: Ball
1-1: Ball
2-1: Ball
3-1: Base on Balls
Batting: RHB Pedro Cabrera 0-0: Called Strike
0-1: Fly out, F3 (Line Drive, 3S)
Lined into DP, U3 (Line Drive, 3S)
Batting: RHB Steve Burton 0-0: Ball
1-0: Swinging Strike
1-1: Fly out, F8 (Flyball, 8RM)
Top of the 6th over - 0 runs, 0 hits, 0 errors, 0 left on base; Red Deer 1 - Riverside 4
BOTTOM OF THE 6TH
Riverside Red Bulls batting - Pitching for Red Deer Wranglers : RHP Bernardo García
Batting: RHB Luis Flores 0-0: Called Strike
0-1: Foul Ball, location: 2F
0-2: Ball
1-2: Fly out, F8 (Flyball, 8LM)
Batting: SHB Carlos Ramírez 0-0: Ground out 4-3 (Groundball, 4)
Batting: RHB Bobby Miller 0-0: Ball
1-0: Foul Ball, location: 2F
1-1: Ball
2-1: Swinging Strike
2-2: Strikes out swinging
Bottom of the 6th over - 0 runs, 0 hits, 0 errors, 0 left on base; Red Deer 1 - Riverside 4
TOP OF THE 7TH
Red Deer Wranglers batting - Pitching for Riverside Red Bulls : RHP Will Robinson
Batting: LHB José López 0-0: Ball
1-0: Ball
2-0: Called Strike
2-1: Foul Ball, location: 2F
2-2: Ball
3-2: Ground out U3 (Groundball, 3)
Batting: RHB Ben Fisher 0-0: Ball
1-0: Called Strike
1-1: DOUBLE (Line Drive, 7LD)
Batting: LHB Jorge Olvera 0-0: Ball
1-0: Ball
2-0: Ball
3-0: Called Strike
3-1: Fly out, F8 (Flyball, 89XD)
Runner from 2nd tags up, SAFE at 3rd, no throw
Batting: SHB Robbie Rhodes 0-0: Ball
1-0: Ball
2-0: SINGLE (Groundball, 4MD)
Ben Fisher scores
Batting: LHB Rubén Salazar 0-0: Called Strike
0-1: Ball
1-1: Ball
2-1: Swinging Strike
2-2: Fielders Choice at 2nd, 5-4 (Groundball, 5)
Top of the 7th over - 1 run, 2 hits, 0 errors, 1 left on base; Red Deer 2 - Riverside 4
BOTTOM OF THE 7TH
Riverside Red Bulls batting - Pitching for Red Deer Wranglers : RHP Bernardo García
Pitching: LHP Ernesto Pérez
Batting: LHB Gabriel Estrada 0-0: Ball
1-0: Ball
2-0: Ball
3-0: Base on Balls
Pitching: RHP Pat Ferson
Batting: RHB John Burton 0-0: Foul Ball, location: 2F
0-1: Foul Ball, location: 2F
0-2: Ball
1-2: Grounds into double play, 4-6-3 (Groundball, 4)
Batting: LHB Miguel Gálvez 0-0: Ball
1-0: Ground out 4-3 (Groundball, 4)
Bottom of the 7th over - 0 runs, 0 hits, 0 errors, 0 left on base; Red Deer 2 - Riverside 4
TOP OF THE 8TH
Red Deer Wranglers batting - Pitching for Riverside Red Bulls : RHP Will Robinson
Pitching: LHP Mitch Bennett
Batting: RHB Allen Brown 0-0: Ball
1-0: Ground out 4-3 (Groundball, 4)
Batting: LHB Francisco Blanco 0-0: Ground out 3-1 (Groundball, 34)
Batting: RHB Pedro Cabrera 0-0: Ball
1-0: Foul Ball, location: 2F
1-1: Ball
2-1: Ball
3-1: Base on Balls
Batting: RHB Steve Burton 0-0: Ball
1-0: Called Strike
1-1: Ball
2-1: Ball
3-1: Base on Balls
Pedro Cabrera to second
Batting: LHB José López 0-0: Foul Ball, location: 2F
0-1: Called Strike
0-2: Ball
1-2: Foul Ball, location: 2F
1-2: Foul Ball, location: 2F
1-2: Strikes out swinging
Top of the 8th over - 0 runs, 0 hits, 0 errors, 2 left on base; Red Deer 2 - Riverside 4
BOTTOM OF THE 8TH
Riverside Red Bulls batting - Pitching for Red Deer Wranglers : RHP Pat Ferson
Batting: RHB Steve Meyers 0-0: Called Strike
0-1: Ball
1-1: Ground out 5-3 (Groundball, 56)
Batting: RHB Robert Stevens 0-0: Called Strike
0-1: Ball
1-1: Ball
2-1: Ground out 5-3 (Groundball, 56)
Batting: RHB José González 0-0: Called Strike
0-1: Ball
1-1: Ground out 6-3 (Groundball, 6S)
Bottom of the 8th over - 0 runs, 0 hits, 0 errors, 0 left on base; Red Deer 2 - Riverside 4
TOP OF THE 9TH
Red Deer Wranglers batting - Pitching for Riverside Red Bulls : LHP Mitch Bennett
Batting: RHB Ben Fisher 0-0: Ball
1-0: Ball
2-0: Ball
3-0: Called Strike
3-1: Called Strike
3-2: Foul Ball, location: 2F
3-2: Foul Ball, location: 2F
3-2: Ground out 6-3 (Groundball, 6)
Batting: LHB Jorge Olvera 0-0: Ball
1-0: Foul Ball, location: 2F
1-1: Fly out, F9 (Flyball, 9D)
Batting: SHB Robbie Rhodes 0-0: Called Strike
0-1: Swinging Strike
0-2: Ball
1-2: Foul Ball, location: 2F
1-2: Strikes out swinging
Top of the 9th over - 0 runs, 0 hits, 0 errors, 0 left on base; Red Deer 2 - Riverside 4
Saturday, April 7th, 2018 - OOTP Baseball 18.8 Build 76